 Dungeon Crawl Stone Soup version 0.27-a0-1060-gcb85b5eba1 (webtiles) character file.

Game seed: 8092378982746458214

130 Ijustatesigmund the Skirmisher (level 4, -1/37 HPs)
             Began as a Demonspawn Fighter on Apr 21, 2021.
             Killed by divine providence
             ... invoked by an orc priest
              (12 damage)
             ... on level 3 of the Dungeon.
             The game lasted 00:02:06 (2184 turns).

Ijustatesigmund the Skirmisher (Demonspawn Fighter) Turns: 2184, Time: 00:02:07

Health: -1/37      AC:  7    Str: 16    XL:     4   Next: 89%
Magic:  4/4        EV:  7    Int: 10    God:
Gold:   40         SH:  8    Dex: 13    Spells: 3/3 levels left

rFire    + . .     SeeInvis .   a - +0 war axe
rCold    . . .     Faith    .   c - +0 kite shield
rNeg     . . .     Spirit   .   b - +0 scale mail
rPois    .         Reflect  .   (no helmet)
rElec    .         Harm     .   (no cloak)
rCorr    .         Rampage  .   k - +0 pair of gloves
Will     .....                  (no boots)
Stlth    ..........             (no amulet)
HPRegen  0.12/turn              j - ring of protection from fire
MPRegen  0.09/turn              (no ring)

@: very slightly contaminated, hasted, invisible, very quick
A: foul stench 1, spiny 1
a: no special abilities


You were on level 3 of the Dungeon.
You visited 1 branch of the dungeon, and saw 3 of its levels.

You collected 40 gold pieces.

Inventory:

Hand Weapons
 a - a +0 war axe (weapon)
Missiles
 e - 4 atropa-tipped darts (quivered)
Armour
 b - a +0 scale mail (worn)
 c - a +0 kite shield (worn)
 k - a +0 pair of gloves (worn)
Jewellery
 j - a ring of protection from fire (left hand)
Scrolls
 h - a scroll of acquirement {unknown}
 i - a scroll of noise {unknown}
 l - a scroll of enchant weapon {unknown}
 m - a scroll of summoning {unknown}
Potions
 f - a potion of flight
 g - a potion of haste


   Skills:
 + Level 3.8 Fighting
 * Level 3.5 Axes
 - Level 2.6 Armour
 + Level 1.8 Dodging
 - Level 2.6 Shields


You had 3 spell levels left.
You didn't know any spells.
Your spell library contained the following spells:

 Spells                   Type           Power      Damage    Failure   Level
 Magic Dart               Conj           0%         1d3       100%        1
 Searing Ray              Conj           0%         3d3       100%        2
 Dazzling Flash           Conj/Hex       0%         N/A       100%        3
 Fulminant Prism          Conj/Hex       0%         3d6       100%        4
 Iskenderun's Mystic Bla  Conj/Tloc      0%         2d3       100%        4


Dungeon Overview and Level Annotations

Branches:
Dungeon (3/15)

Altars:
Fedhas


Innate Abilities, Weirdness & Mutations

You may rarely emit foul miasma when damaged in melee.
You are partially covered in sharp spines.


Message History

You kill the endoplasm!
No target in view!
No target in view!
No target in view!
An orc comes into view. It is wielding a +0 club.
The orc shouts!
You hear a shout! x2
An orc priest comes into view. It is wielding a +0 falchion.
The orc priest shouts!
The orc priest calls down the wrath of Beogh upon you.
Beogh smites you!
An endoplasm comes into view.
You hear a shout! 2 orcs come into view.
An orc is wielding a +0 club and wearing a +2 scale mail of positive energy.
The orc shouts! x2
A hobgoblin comes into view. It is carrying a wand of acid (8).
The orc hits you with a +0 club.
The orc moves out of view.
You closely miss the orc. The orc hits you but does no damage.
You slash the orc!
You kill the orc!
The orc priest barely misses you.
You closely miss the orc priest.
The orc priest calls down the wrath of Beogh upon you.
Beogh smites you!
* * * LOW HITPOINT WARNING * * *
You are too injured to fight recklessly!
You are too injured to fight recklessly!
You are too injured to fight recklessly!
You are too injured to fight recklessly!
You are too injured to fight recklessly!
You are too injured to fight recklessly!
You are too injured to fight recklessly!
You are too injured to fight recklessly!
You fade into invisibility!
You are very lightly contaminated with residual magic.
It was a potion of haste.
You feel yourself speed up. The orc hits you but does no damage.
The orc priest invokes the aid of Beogh against you.
Beogh smites you!
You die...

..#.#....###.........
#.._..#....#.........
#.#....#.#.........
..####..........#####...
........................
..#####.#####.#######...
#.# #.# #... #.# #.#
#... #@# #.# #... #o#
#+########'#


Joo ......... g.... ......... ....... ......... ......... ......... ...........
......... ............. .###...## ≈≈... You could see an orc priest, 2 orcs, an
endoplasm and a hobgoblin.

Vanquished Creatures
  A centaur (D:2)
  An adder (D:2)
  3 dart slugs
  An orc (D:3)
  5 bats
  6 endoplasms
  A giant cockroach (D:1)
  3 goblins
  2 hobgoblins (D:1)
  3 quokkas
  4 ball pythons (D:1)
  A kobold (D:2)
  4 rats
35 creatures vanquished.

Vanquished Creatures (others)
  A quokka (D:3)
1 creature vanquished.

Grand Total: 36 creatures vanquished

Notes
Turn   | Place    | Note
-------+----------+-------------------------------------------
     0 | D:1      | Ijustatesigmund the Demonspawn Fighter began the quest for
                  | the Orb.
     0 | D:1      | Reached XP level 1. HP: 18/18 MP: 1/1
   411 | D:1      | Gained mutation: You may rarely emit foul miasma when
                  | damaged in melee. [demonic ancestry]
   411 | D:1      | Reached XP level 2. HP: 23/24 MP: 2/2
   992 | D:2      | Reached skill level 1 in Dodging
  1006 | D:2      | Gained mutation: You are partially covered in sharp spines.
                  | [demonic ancestry]
  1006 | D:2      | Reached XP level 3. HP: 25/29 MP: 3/3
  1261 | D:2      | Found a faded altar of an unknown god.
  1517 | D:2      | Noticed a centaur
  1524 | D:2      | Killed a centaur
  1525 | D:2      | Reached XP level 4. HP: 21/37 MP: 4/4
  2112 | D:3      | Found a blossoming altar of Fedhas.
  2184 | D:3      | Killed from afar by an orc priest

Illustrated notes

Levels and vault maps discovered:
D:1:      evilmike_arrival_rings, layout_rooms
D:2:      layout_basic, chequers_ecumenical_altar_simple
D:3:      layout_basic, lemuel_crystal_altar, elyvilon_altar_4,
          chequers_hall_statues_corner_a, minmay_misc_feat_diagonals

Skill      XL: |  1  2  3 |
---------------+----------+-----
Axes           | 2 3 |  3.5
Dodging        | 1 |  1.8
Fighting       | |  3.8
Armour         | |  2.6
Shields        | |  2.6

Action                   |  1- 3 |  4- 6 || total
-------------------------+-------+-------++-------
Melee: War axe           |    79 |    14 ||    93
  Use: Potion            |     1 |     2 ||     3
       Scroll            |       |     2 ||     2
Armor: Scale mail        |    41 |     5 ||    46
Dodge: Dodged            |    28 |     4 ||    32
Block: Kite shield       |    46 |     2 ||    48

Table legend: (Time is in decaauts)
 A = Elapsed time spent in this place.
 B = Non-inter-level travel time spent in this place.
 C = Inter-level travel time spent in this place.
 D = Time resting spent in this place.
 E = Time spent auto-exploring this place.
 F = Levels seen in this place.
 G = Mean time per level.
                   A        B        C        D        E       F      G
               +--------+--------+--------+--------+--------+-----+--------+
         Total |   2240 |   2174 |     66 |    274 |   1638 |   3 |  746.7 |
       Dungeon |   2240 |   2174 |     66 |    274 |   1638 |   3 |  746.7 |
               +--------+--------+--------+--------+--------+-----+--------+

Top non-repeatable levels by time:
     D:1: 1013 daAuts
     D:2: 924 daAuts
     D:3: 301 daAuts
